 Dungeon Crawl Stone Soup version 0.17-a0-1642-gd4b747b (webtiles) character file.

102 karlkraus the Shield-Bearer (level 4, -2/40 HPs)
             Began as a Minotaur Fighter on Aug 9, 2015.
             Slain by an ice beast (3 damage)
             ... on level 4 of the Dungeon.
             The game lasted 00:02:50 (1968 turns).

karlkraus the Shield-Bearer (Minotaur Fighter)      Turns: 1968, Time: 00:02:50

Health: -2/40      AC: 12    Str: 20    XL:     4   Next: 50%
Magic:  3/3        EV:  8    Int:  5    God:
Gold:   204        SH:  9    Dex: 11    Spells: 0 memorised, 3 levels left

rFire  + . .     SeeInvis .     a - +0 flail
rCold  x . .     Clarity  .     b - +0 scale mail
rNeg   . . .     SustAt   .     c - +0 shield
rPois  .         Gourm    .     (helmet restricted)
rElec  .         Spirit   .     k - +1 cloak
rCorr  .         Warding  .     h - +2 pair of gloves
rMut   .         Stasis   .     (no boots)
MR     .....                    (no amulet)
Stlth  ..........               (no ring)
                                n - ring of fire

@: not resistant to hostile enchantments, extremely unstealthy
A: retaliatory headbutt, horns 2
a: no special abilities


You were on level 4 of the Dungeon.
You were hungry.

You visited 1 branch of the dungeon, and saw 4 of its levels.

You collected 204 gold pieces.

Inventory:

Hand weapons
 a - a +0 flail (weapon)
Armour
 b - a +0 scale mail (worn)
 c - a +0 shield (worn)
 h - a +2 pair of gloves (worn)
 k - a +1 cloak (worn)
Jewellery
 n - a ring of fire (left hand)
 t - an uncursed ring of magical power {unknown}
Magical devices
 o - a wand of teleportation (5)
Scrolls
 f - a scroll of fear {unknown}
 i - 2 scrolls of identify {unknown}
 j - a scroll of remove curse {unknown}
 m - a scroll of random uselessness {unknown}
 p - a scroll of immolation {unknown}
 s - a scroll of blinking {unknown}
 v - a scroll of teleportation {unknown}
Potions
 d - 2 potions of might
 g - a potion of magic {unknown}
 u - a potion of curing {unknown}
 x - a potion of resistance {unknown}
Books
 y - a book of Fire

   Spells                             Type                      Level
   a - Ignite Poison                  Fire/Transmutation/Poison    3
   b - Fireball                       Conjuration/Fire             5
   c - Bolt of Fire                   Conjuration/Fire             6
   d - Delayed Fireball               Conjuration/Fire             7
   e - Ring of Flames                 Charms/Fire                  7
Comestibles
 e - 5 bread rations
 l - a slice of pizza
 q - a meat ration
 r - a beef jerky
 w - 2 fruits


   Skills:
 + Level 4.3 Fighting
 + Level 3.2 Maces & Flails
 + Level 4.4 Armour
 + Level 0.9 Dodging
 + Level 4.6 Shields


You had 3 spell levels left.
You didn't know any spells.

Dungeon Overview and Level Annotations

Branches:
Dungeon (4/15)
 Temple: D:4-7

Altars:
Elyvilon
Makhleb


Innate Abilities, Weirdness & Mutations

You reflexively headbutt those who attack you in melee.
You have a pair of horns on your head.


Message History

You block the ice beast's attack.
You barely miss the ice beast.
The ice beast is lightly wounded.
You are feeling hungry.
The ice beast closely misses you.
You sock the ice beast!
The ice beast is heavily wounded.
You block the ice beast's attack. x2
You hit the ice beast but do no damage.
The ice beast is heavily wounded.
You block the ice beast's attack.
You closely miss the ice beast.
The ice beast is heavily wounded.
The ice beast hits you. The ice beast freezes you!!
You feel a terrible chill!
Ouch! That really hurt!
* * * LOW HITPOINT WARNING * * *
You hit the ice beast.
The ice beast is severely wounded.
You block the ice beast's attack. The ice beast hits you.
You die...

.... # #..# .# #
#..###.###
.#.####.........
)..............>
................
#...(.<........
#..####........
#.@.......
#.Y....##.
#......#
.......!..
=#.........
..#.....$... ##
#.........
#.........


You could see an ice beast.

Vanquished Creatures
  5 adders
  A gnoll (D:1)
  An ooze (D:2)
  2 worms (D:2)
  2 orcs (D:3)
  3 giant cockroaches
  3 hobgoblins
  A jackal (D:2)
  3 bats
  A giant newt (D:3)
  7 goblins
  5 kobolds
  4 rats
38 creatures vanquished.

Notes
Turn   | Place    | Note
--------------------------------------------------------------
     0 | D:1      | karlkraus the Minotaur Fighter began the quest for the Orb.
     0 | D:1      | Reached XP level 1. HP: 19/19 MP: 0/0
   190 | D:1      | Reached XP level 2. HP: 27/27 MP: 1/1
   230 | D:1      | Reached skill level 4 in Fighting
   552 | D:2      | Reached XP level 3. HP: 33/33 MP: 2/2
   579 | D:2      | Found a burning altar of Makhleb.
   887 | D:2      | Reached XP level 4. HP: 40/40 MP: 3/3
  1188 | D:2      | Found a white marble altar of Elyvilon.
  1952 | D:4      | Noticed an ice beast
  1967 | D:4      | HP: 1/40 [ice beast (21)]
  1968 | D:4      | Slain by an ice beast

Vault maps used:
D:1:      dpeg_arrival_shelter, lemuel_another_geyser
D:2:      old_standard_altar, lightli_temple_of_fire, first_bread, minivault_26,
          nrook_mini_vaults, minmay_misc_feat_alley, minmay_box_of_dots
D:4:      vehumet_crystals, minmay_temple_entry_poolview, enter_ossuary_3

Action                   |  1- 3 |  4- 6 || total
-------------------------+-------+-------++-------
Melee: Flail             |    71 |    57 ||   128
  Eat: Chunk             |       |     3 ||     3
